AoeStats
← HR nomadplayer

Arabia

504351531Analyzed
1v1 RM · 26d ago on Sep 5, 2026· 43m 25s· 2 players
Game mode
Random Map
Map size
Tiny (2 player)
Population
200
Speed
Normal
Resources
Standard
Victory
Conquest
Starting age
Dark Age
Ending age
Imperial Age
RankedLock teamsTeams togetherTeam positionsShared explorationLock speedFull tech treeHidden civsTurbo modeCheats
Victory
Defeat
🇨🇳 Spanish · China
2225
+10
🇨🇱 Magyars · Chile
2092
-10
HR nomadplayer
6:06 Loom
8:40 Feudal Age
9:02 Man-at-Arms
14:12 Double-Bit Axe
20:18 Castle Age
18:37 Fletching
18:56 Gold Mining
20:10 Horse Collar
20:58 Bodkin Arrow
21:15 Bow Saw
23:45 Padded Archer Armor
24:59 Heavy Plow
27:06 Town Watch
28:38 Ballistics
28:53 Husbandry
29:50 Bloodlines
30:55 Leather Archer Armor
39:36 Imperial Age
38:33 Wheelbarrow
40:16 Bracer
42:06 Chemistry
_DY_孟川
6:11 Loom
8:59 Feudal Age
10:10 Double-Bit Axe
10:26 Horse Collar
22:31 Castle Age
21:01 Padded Archer Armor
20:52 Gold Mining
20:53 Stone Mining
24:35 Leather Archer Armor
27:51 Bow Saw
27:27 Town Watch
35:44 Imperial Age
37:06 Ring Archer Armor
40:03 Wheelbarrow
40:31 Two-Man Saw
41:44 Bloodlines
41:34 Husbandry
Connection lost

Rejoining the realm…

Still unreachable

The connection could not be restored.

Session expired

The server has moved on; the page needs a fresh start.